[Event "*** SCC Grand Prix: Titled Tuesday Blitz"]
[Site "Chess.com"]
[Date "2020.06.02"]
[Round "9"]
[White "doons21"]
[Black "saraswathii"]
[Result "1-0"]
[WhiteElo "2489"]
[BlackElo "2364"]
[TimeControl "180+1"]
[EndTime "11:45:25 PDT"]
[Termination "doons21 won by resignation"]

1. e4 c5 2. c3 Nf6 3. e5 Nd5 4. d4 cxd4 5. Nf3 Nc6 6. Bc4 Nb6 7. Bb3 dxc3 8. Nxc3 d6 9. exd6 exd6 10. Ng5 Ne5 11. f4 Be7 12. fxe5 Bxg5 13. O-O O-O 14. exd6 Bxc1 15. Rxc1 Be6 16. Bxe6 fxe6 17. Qd4 Qd7 18.
a4 Rxf1+ 19. Rxf1 Rd8 20. a5 Nc8 21. Ne4 Nxd6 22. Rd1 Nxe4 23. Qxd7 1-0

[Event "*** SCC Grand Prix: Titled Tuesday Blitz"]
[Site "Chess.com"]
[Date "2020.06.02"]
[Round "9"]
[White "The_Machine04"]
[Black "HunterBRR"]
[Result "1-0"]
[WhiteElo "2292"]
[BlackElo "2033"]
[TimeControl "180+1"]
[EndTime "11:45:25 PDT"]
[Termination "The_Machine04 won by resignation"]

1. d4 Nf6 2. Bg5 e6 3. Nd2 Be7 4. e4 d6 5. Bd3 c5 6. c3 cxd4 7. cxd4 Nc6 8. Ngf3 e5 9. d5 Nd4 10.
Nxd4 exd4 11. O-O O-O 12. Nf3 Bg4 13. h3 Bh5 14. Re1 h6 15. Bf4 Bxf3 16. Qxf3 Nd7 17. Qg3 Ne5 18. Bxe5 dxe5 19. Qxe5 Rc8 20. Qxd4 Bc5 21.
Qe5 Re8 22. Qg3 Qf6 23. Re2 Re5 24. Rc2 Rg5 25. Rxc5 Rxc5 26. Qb8+ Kh7 27. e5+ 1-0

[Event "*** SCC Grand Prix: Titled Tuesday Blitz"]
[Site "Chess.com"]
[Date "2020.06.02"]
[Round "9"]
[White "albi1999"]
[Black "ChelsieMonica"]
[Result "1-0"]
[WhiteElo "2650"]
[BlackElo "2463"]
[TimeControl "180+1"]
[EndTime "11:45:26 PDT"]
[Termination "albi1999 won by resignation"]

1. d4 Nf6 2. c4 e6 3. Nf3 b6 4. g3 Bb7 5. Bg2 Be7 6. O-O O-O 7. Nc3 d6 8. Qc2 Nbd7 9. e4 e5 10.
h3 a5 11. Be3 a4 12. Rfd1 Ra5 13. Kh2 Qa8 14. d5 Nc5 15. Nd2 Qc8 16. b4 axb3 17.
axb3 Rxa1 18. Rxa1 h5 19. b4 Ncd7 20. Nb5 Re8 21. f3 Nf8 22. h4 Qb8 23. Qa4 c5 24. bxc5 bxc5 25. Nb3 N8d7 26. Qa7 Bd8 27. Qxb8 Nxb8 28.
Nxd6 Re7 29. Nxc5 1-0

[Event "*** SCC Grand Prix: Titled Tuesday Blitz"]
[Site "Chess.com"]
[Date "2020.06.02"]
[Round "9"]
[White "HrvojeZagreb"]
[Black "canary2016"]
[Result "1-0"]
[WhiteElo "2102"]
[BlackElo "1959"]
[TimeControl "180+1"]
[EndTime "11:45:27 PDT"]
[Termination "HrvojeZagreb won by resignation"]

1. d3 d5 2. f4 c6 3. e3 Nf6 4.
Nf3 Bg4 5. Be2 e6 6. O-O Nbd7 7. b3 Bc5 8. d4 Bd6 9. Ba3 Bxa3 10. Nxa3 Ne4 11.
c4 Qa5 12. Nb1 O-O 13. Ne5 Bxe2 14. Qxe2 Nxe5 15. fxe5 dxc4 16. bxc4 b6 17. Rf4 Nc3 18. Qd2 Nxb1 19. Qxa5 bxa5 20. Rxb1 Rab8 21. Rff1 Rb6 22. Rxb6 axb6 23. Rb1 Rb8 24. a4 Kf8 25. Kf2 Ke7 26. e4 Kd7 27. d5 cxd5 28. exd5 exd5 29. cxd5 Ke7 30. Ke3 Rd8 31. Kd4 Rb8 32. Rc1 Kd7 33. d6 b5 34. Rc7+ Ke8 35. Re7+ Kf8 36. axb5 Rxb5 37.
Ra7 Rb4+ 38. Kc5 Rb2 39. Ra8+ 1-0

[Event "*** SCC Grand Prix: Titled Tuesday Blitz"]
[Site "Chess.com"]
[Date "2020.06.02"]
[Round "9"]
[White "AnishGiri"]
[Black "Sychev_Klementy"]
[Result "1-0"]
[WhiteElo "2988"]
[BlackElo "2844"]
[TimeControl "180+1"]
[EndTime "11:45:30 PDT"]
[Termination "AnishGiri won on time"]

1. e4 e5 2. Nf3 Nc6 3. Bc4 Nf6 4. d3 Bc5 5. O-O a6 6. c3 d6 7. Nbd2 Ba7 8. a4 O-O 9. h3 Kh8 10. b4 Ng8 11. Ba2 f5 12. b5 axb5 13. axb5 Nce7 14.
d4 exd4 15. cxd4 fxe4 16. Nxe4 Bb6 17. Bg5 h6 18. Bh4 Qd7 19. Qe2 Nf5 20. Be6 Rxa1 21. Bxd7 Rxf1+ 22. Qxf1 Bxd7 23. Qd3 Nge7 24. Ng3 Nxg3 25.
Bxe7 Re8 26. Nh4 Nh5 27. Qf3 1-0

[Event "*** SCC Grand Prix: Titled Tuesday Blitz"]
[Site "Chess.com"]
[Date "2020.06.02"]
[Round "9"]
[White "Moon_stone123"]
[Black "Zurability"]
[Result "0-1"]
[WhiteElo "2477"]
[BlackElo "2701"]
[TimeControl "180+1"]
[EndTime "11:45:31 PDT"]
[Termination "Zurability won by resignation"]

1. Nf3 g6 2. g3 Bg7 3. d4 d5 4. Bg2 Nf6 5. O-O O-O 6. b3 c6 7. Bb2 a5 8. a3 a4 9. b4 Nbd7 10. Ne5 Nxe5 11. dxe5 Nd7 12. f4 e6 13. Kh1 f6 14. exf6 Nxf6 15. Nd2 Ng4 16. Bxg7 Kxg7 17. Nf3 Qf6 18. Qd4 Qxd4 19. Nxd4 Ne3 20. Rfc1 e5 21. fxe5 Re8 22. Nf3 Bf5 23. Nd4 Rxe5 24. Nxf5+ Rxf5 25. Bf3 Re8 26. b5 Nc4 27. bxc6 bxc6 28. Rab1 Re3 29.
Rb7+ Rf7 30. Rb4 Rxa3 31. c3 Ra7 32. Rcb1 Rxc3 33. Rb7+ Rxb7 34. Rxb7+ Kf6 35. Rxh7 a3 36. Ra7 Rc2 37. e4 d4 38. e5+ Nxe5 39. Rxa3 Nxf3 40.
Rxf3+ Ke5 41. Kg1 c5 42. h4 c4 43. Rf8 d3 44. Kf1 Rc1+ 45. Kf2 d2 46. Re8+ Kf6 0-1

[Event "*** SCC Grand Prix: Titled Tuesday Blitz"]
[Site "Chess.com"]
[Date "2020.06.02"]
[Round "9"]
[White "praveenb2002"]
[Black "ural58"]
[Result "1-0"]
[WhiteElo "2707"]
[BlackElo "2436"]
[TimeControl "180+1"]
[EndTime "11:45:32 PDT"]
[Termination "praveenb2002 won by resignation"]

1. e4 d5 2. exd5 Qxd5 3. Nc3 Qa5 4. d4 Nf6 5. Nf3 Nc6 6. Bb5 Ne4 7. Qd3 Nxc3 8.
bxc3 a6 9. Bxc6+ bxc6 10. Ne5 f6 11. Nc4 Qf5 12. Qe2 Qe6 13. Ne3 a5 14. O-O Ba6 15. c4 g6 16. Ba3 Kf7 17. Rfe1 h5 18. d5 cxd5 19. cxd5 Qe4 20. c4 Bh6 21. Qd1 Rhe8 22. h3 Bxe3 23. Rxe3 Qxc4 24. Rc1 Qxa2 25. Rxc7 Rad8 26.
d6 Kg8 27. d7 Rf8 28. Bxe7 Qf7 29. Bxd8 Rxd8 30. Qe1 Rxd7 31. Re8+ Kg7 32. Rxd7 1-0

[Event "*** SCC Grand Prix: Titled Tuesday Blitz"]
[Site "Chess.com"]
[Date "2020.06.02"]
[Round "9"]
[White "Goryachkina"]
[Black "AttilaTurzo"]
[Result "1-0"]
[WhiteElo "2661"]
[BlackElo "2488"]
[TimeControl "180+1"]
[EndTime "11:45:34 PDT"]
[Termination "Goryachkina won by resignation"]

1. e4 c5 2. Nf3 d6 3. c3 Nf6 4. Be2 e5 5. O-O Be7 6. d4 O-O 7. dxe5 Nxe4 8. Qd5 Ng5 9. Nxg5 Bxg5 10. exd6 Bxc1 11.
Rxc1 Na6 12. Bxa6 Be6 13. Qxb7 Rb8 14. Qf3 Qxd6 15. Bf1 Rxb2 16. Na3 Bxa2 17. Nc4 Bxc4 18. Bxc4 Qb6 19. Rd1 Qc7 20. g3 Rb6 21. Rd5 Rf6 22. Qd3 a5 23. Qe3 Rc8 24. Re5 g6 25. Re7 Qb6 26.
h4 h5 27. Qe5 Kg7 28. Rxf7+ 1-0

[Event "*** SCC Grand Prix: Titled Tuesday Blitz"]
[Site "Chess.com"]
[Date "2020.06.02"]
[Round "9"]
[White "Heineccius"]
[Black "grunbergmihai"]
[Result "1/2-1/2"]
[WhiteElo "2613"]
[BlackElo "2415"]
[TimeControl "180+1"]
[EndTime "11:45:38 PDT"]
[Termination "Game drawn by repetition"]

1. d4 f5 2. Nf3 Nf6 3. g3 g6 4. Bg2 Bg7 5. O-O O-O 6. b3 a5 7. c4 c6 8. Nc3 Ne4 9. Bb2 d5 10. e3 Be6 11. cxd5 cxd5 12. Rc1 Nc6 13. Ne2 Bf7 14.
Nf4 e6 15. Nd3 a4 16. Nfe5 Nxe5 17. Nxe5 Be8 18. f3 Ng5 19. Ba3 Rf6 20. Qc2 Bf8 21.
Bxf8 Rxf8 22. b4 Nf7 23. Qc7 Nxe5 24. Qxe5 Qf6 25. Qxf6 Rxf6 26. Rc7 Rf7 27. Rfc1 Bc6 28. Rxf7 Kxf7 29. Bf1 Ke7 30. b5 Bd7 31. Kf2 Kd6 32. f4 a3 33. Rc3 Ra5 34. b6 Bc6 35. Ke1 Ra4 36. Rb3 h6 37. Kd2 g5 38. Kc3 gxf4 39. gxf4 Ra8 40. Kb4 Ra4+ 41. Kc3 Ra8 42. Kb4 Ra4+ 43.
Kc3 1/2-1/2

[Event "*** SCC Grand Prix: Titled Tuesday Blitz"]
[Site "Chess.com"]
[Date "2020.06.02"]
[Round "9"]
[White "Jungle_Jaguar"]
[Black "boasovietica"]
[Result "0-1"]
[WhiteElo "2581"]
[BlackElo "2444"]
[TimeControl "180+1"]
[EndTime "11:45:38 PDT"]
[Termination "boasovietica won on time"]

1. e4 e5 2. Nf3 Nc6 3. Bb5 a6 4.
Ba4 Nf6 5. O-O Be7 6. Re1 b5 7.
Bb3 d6 8. c3 O-O 9. h3 Bb7 10. d4 Nd7 11. Nbd2 exd4 12. cxd4 Bf6 13. Nf1 Na5 14. Bc2 Re8 15. Ng3 g6 16. Bh6 c5 17. Rc1 Nc6 18. d5 Nce5 19. Nh2 Bg5 20. Bxg5 Qxg5 21. b3 Rac8 22. Rf1 Qh4 23. Qe1 Nb6 24. f4 Ned7 25. Qf2 Re7 26. Kh1 Rce8 0-1

[Event "*** SCC Grand Prix: Titled Tuesday Blitz"]
[Site "Chess.com"]
[Date "2020.06.02"]
[Round "9"]
[White "Michaelson_11"]
[Black "ArnieChipmunk"]
[Result "0-1"]
[WhiteElo "2025"]
[BlackElo "2281"]
[TimeControl "180+1"]
[EndTime "11:45:38 PDT"]
[Termination "ArnieChipmunk won by resignation"]

1. e4 e5 2. Nf3 d6 3. Nc3 f5 4. d4 fxe4 5. Nxe4 Nf6 6. Bd3 Nxe4 7. Bxe4 d5 8. Nxe5 dxe4 9. Qh5+ g6 10. Nxg6 hxg6 11.
Qxh8 Bf5 12. Be3 Nd7 13. O-O Qe7 14. h3 O-O-O 15. Bh6 Qh4 16. g4 Bxh6 17. Qh7 Bxg4 18. hxg4 Qxg4+ 19. Kh1 Qh3+ 20. Kg1 Nf6 21. Qe7 Bf4 22.
Rfe1 Bh2+ 23. Kh1 Bg3+ 24. Kg1 Qh2+ 0-1

[Event "*** SCC Grand Prix: Titled Tuesday Blitz"]
[Site "Chess.com"]
[Date "2020.06.02"]
[Round "9"]
[White "Siniauski"]
[Black "crossingthestreet"]
[Result "1-0"]
[WhiteElo "2502"]
[BlackElo "2376"]
[TimeControl "180+1"]
[EndTime "11:45:40 PDT"]
[Termination "Siniauski won by resignation"]

1. e4 e6 2. d4 d5 3. Nc3 Nf6 4. Bg5 Bb4 5. exd5 Qxd5 6. Bxf6 gxf6 7. Qd2 Bxc3 8. Qxc3 Nc6 9. Nf3 Rg8 10. Bc4 Qa5 11. Qxa5 Nxa5 12. Bd3 f5 13. g3 Nc6 14. c3 Ne7 15. O-O-O b6 16. Ne5 Bb7 17. Rhe1 f6 18. Nc4 Kf7 19. Ne3 Rad8 20. Rd2 Nd5 21. Rde2 Nxe3 22.
Rxe3 Rge8 23. Kc2 Bd5 24. b3 a5 25. Kb2 Bc6 26. a3 a4 27. b4 b5 28. Be2 Rb8 29. Bh5+ Kg7 30. Bxe8 Rxe8 31. Rxe6 Rxe6 32. Rxe6 Bd5 33.
Re7+ Kg6 34. Rxc7 h5 35. f4 Bc4 36. Rxc4 bxc4 37. b5 Kf7 38. b6 Ke6 39. b7 Kd5 40.
b8=Q Ke4 41. Qb4 1-0

[Event "*** SCC Grand Prix: Titled Tuesday Blitz"]
[Site "Chess.com"]
[Date "2020.06.02"]
[Round "9"]
[White "kasparicy"]
[Black "Juanovic"]
[Result "1-0"]
[WhiteElo "2207"]
[BlackElo "2109"]
[TimeControl "180+1"]
[EndTime "11:45:40 PDT"]
[Termination "kasparicy won by resignation"]

1. e4 c5 2. Nf3 d6 3. d4 cxd4 4. Nxd4 Nf6 5. Nc3 g6 6. Be3 Bg7 7. Be2 Nc6 8. Qd2 O-O 9. O-O-O d5 10. exd5 Nxd5 11. Nxc6 bxc6 12. Bd4 e5 13. Bc5 Re8 14.
Bf3 Be6 15. Nxd5 cxd5 16. Bxd5 Qc7 17. Bxe6 Qxc5 18. Bb3 a5 19. Qd5 Qe7 20. a4 Red8 21.
Qf3 e4 22. Qf4 Bf6 23. Kb1 Kg7 24. h4 h5 25. g3 Rab8 26. Rxd8 Rxd8 27. Re1 Rd4 28.
c3 e3 29. cxd4 1-0

[Event "*** SCC Grand Prix: Titled Tuesday Blitz"]
[Site "Chess.com"]
[Date "2020.06.02"]
[Round "9"]
[White "alexsergeyev"]
[Black "Chessmatus"]
[Result "0-1"]
[WhiteElo "2327"]
[BlackElo "2541"]
[TimeControl "180+1"]
[EndTime "11:45:42 PDT"]
[Termination "Chessmatus won by resignation"]

1. d4 Nf6 2. c4 g6 3. Nc3 d5 4.
Bg5 Ne4 5. cxd5 Nxg5 6. h4 Ne4 7. Nxe4 Qxd5 8. Nc3 Qd8 9. h5 Bg7 10. e3 c5 11.
Bb5+ Bd7 12. Nf3 Bxb5 13. Nxb5 Nc6 14. hxg6 hxg6 15. Rxh8+ Bxh8 16. Rc1 a6 17. Nc3 cxd4 18. exd4 Nxd4 19. Nxd4 Qxd4 20. Qf3 Rd8 21. Rd1 Qe5+ 22. Kf1 Rxd1+ 23. Nxd1 Qb5+ 24. Kg1 Bxb2 25. Ne3 Be5 26. Nd5 Qb1+ 0-1

[Event "*** SCC Grand Prix: Titled Tuesday Blitz"]
[Site "Chess.com"]
[Date "2020.06.02"]
[Round "9"]
[White "PawnEatingZombie"]
[Black "j2806"]
[Result "1-0"]
[WhiteElo "2203"]
[BlackElo "2098"]
[TimeControl "180+1"]
[EndTime "11:45:43 PDT"]
[Termination "PawnEatingZombie won by resignation"]

1. d4 Nf6 2. c4 e6 3. Nc3 d5 4.
cxd5 exd5 5. Bg5 Be7 6. e3 Nbd7 7. Bd3 c6 8. Qc2 Nh5 9. Bxe7 Qxe7 10. O-O-O g6 11. Nf3 Nb6 12. Kb1 Be6 13. Rc1 O-O-O 14. Na4 Ng7 15. Nc5 Bf5 16. Ne5 Bxd3 17. Nexd3 Ne6 18.
Qb3 Kb8 19. a4 Ka8 20. a5 Nxc5 21. Nxc5 Nc4 22. Qa4 Rc8 23. Rc2 Qc7 24. a6 b6 25.
Nd3 f6 26. b3 Nd6 27. Rhc1 Nb5 28. Qxb5 Qxh2 29. Rxc6 Qxg2 30. Rxc8+ 1-0

[Event "*** SCC Grand Prix: Titled Tuesday Blitz"]
[Site "Chess.com"]
[Date "2020.06.02"]
[Round "9"]
[White "Semen_Khanin"]
[Black "DariaVoit"]
[Result "1-0"]
[WhiteElo "2717"]
[BlackElo "2570"]
[TimeControl "180+1"]
[EndTime "11:45:47 PDT"]
[Termination "Semen_Khanin won by resignation"]

1. e4 e6 2. d4 d5 3. e5 c5 4. c3 Nc6 5. Nf3 Qb6 6. Na3 cxd4 7.
cxd4 Nh6 8. Nc2 Nf5 9. Bd3 Bb4+ 10. Bd2 Nfxd4 11. Nfxd4 Bxd2+ 12. Qxd2 Qxb2 13. O-O Nxd4 14. Rfb1 Nf3+ 15. gxf3 Qxe5 16. Bb5+ Ke7 17. f4 Qd6 18. Nd4 h6 19. Re1 Kf6 20. Re5 a6 21. Bd3 b5 22.
Qb2 Ke7 23. Nf5+ 1-0

[Event "*** SCC Grand Prix: Titled Tuesday Blitz"]
[Site "Chess.com"]
[Date "2020.06.02"]
[Round "9"]
[White "Harsha_Bharathakoti"]
[Black "UCantHandleDenker"]
[Result "1-0"]
[WhiteElo "2720"]
[BlackElo "2488"]
[TimeControl "180+1"]
[EndTime "11:45:49 PDT"]
[Termination "Harsha_Bharathakoti won by resignation"]

1. Nf3 Nf6 2. c4 d6 3. d4 Nbd7 4. Nc3 e5 5. e4 Be7 6. Be2 O-O 7. O-O c6 8. Be3 a6 9. a4 a5 10. h3 exd4 11. Nxd4 g6 12. Qc2 Re8 13. Rad1 Qc7 14. Rfe1 Bf8 15. Bf4 Nc5 16. Bf3 Qb6 17. e5 dxe5 18.
Bxe5 Nfd7 19. Bf4 Rxe1+ 20. Rxe1 Nf6 21. Qd2 Bd7 22. Be5 Bg7 23. Qf4 Ne8 24. Bxg7 Nxg7 25. Qd6 Nf5 26. Nxf5 Bxf5 27. Nd5 Qa7 28. Nf6+ Kg7 29.
Qe5 Kf8 30. Nd7+ 1-0

[Event "*** SCC Grand Prix: Titled Tuesday Blitz"]
[Site "Chess.com"]
[Date "2020.06.02"]
[Round "9"]
[White "xamax2000"]
[Black "GM_LOADING"]
[Result "0-1"]
[WhiteElo "2633"]
[BlackElo "2477"]
[TimeControl "180+1"]
[EndTime "11:45:50 PDT"]
[Termination "GM_LOADING won by resignation"]

1. e4 e5 2. Nf3 Nc6 3. Bb5 g6 4. c3 a6 5. Bxc6 dxc6 6. d4 exd4 7. cxd4 Bg7 8. Nc3 Ne7 9. h3 h6 10. Bf4 g5 11. Be5 f6 12. Bg3 O-O 13. O-O f5 14.
Be5 fxe4 15. Nxe4 g4 16. Bxg7 Kxg7 17. Ne5 gxh3 18. gxh3 Qd5 19. Qd3 Bf5 20. Rae1 Kh7 21. Kh2 Rad8 22. Rg1 Qxe5+ 23. dxe5 Rxd3 24. Nf6+ Kh8 0-1

[Event "*** SCC Grand Prix: Titled Tuesday Blitz"]
[Site "Chess.com"]
[Date "2020.06.02"]
[Round "9"]
[White "pitterson"]
[Black "PattyCastillo"]
[Result "1-0"]
[WhiteElo "2128"]
[BlackElo "1903"]
[TimeControl "180+1"]
[EndTime "11:45:51 PDT"]
[Termination "pitterson won on time"]

1. d4 d5 2. Nf3 Nf6 3. c4 c6 4.
Qb3 e6 5. g3 Nbd7 6. Bg2 Be7 7.
O-O O-O 8. Rd1 b6 9. cxd5 cxd5 10.
Nc3 Ba6 11. Bf4 Nh5 12. Rac1 Nxf4 13. gxf4 Bc4 14. Qc2 Rc8 15. Qb1 a5 16. Ne5 Nf6 17. b3 Ba6 18. Na4 Bxe2 19. Nc6 Rxc6 20. Rxc6 Bxd1 21. Qxd1 b5 22. Nb2 Qd7 23. Qc2 Ba3 24. Nd3 Nh5 25. Ne5 Qe7 26. f5 Qg5 27. Rc3 b4 28. Rf3 Bc1 29. fxe6 fxe6 30. Rxf8+ Kxf8 31. Qc8+ Ke7 32. Qd7+ 1-0

[Event "*** SCC Grand Prix: Titled Tuesday Blitz"]
[Site "Chess.com"]
[Date "2020.06.02"]
[Round "9"]
[White "Olga_Zhuravleva"]
[Black "albano87"]
[Result "1/2-1/2"]
[WhiteElo "2261"]
[BlackElo "2415"]
[TimeControl "180+1"]
[EndTime "11:45:54 PDT"]
[Termination "Game drawn by agreement"]

1. e4 g6 2. d4 Bg7 3. c3 d6 4. Nf3 Nf6 5. Bd3 c5 6. O-O Nc6 7. h3 O-O 8. a4 a5 9. Be3 b6 10. Nbd2 Ba6 11. Qe2 Bxd3 12. Qxd3 Qc7 13. Nc4 Rfd8 14. d5 Ne5 15. Nfxe5 dxe5 16. f4 Nd7 17. f5 Nf6 18. Rad1 Rd7 19. g4 Ne8 20. Qd2 Rad8 21. Bh6 e6 22. Bxg7 Kxg7 23. fxe6 fxe6 24. Qg5 exd5 25.
Nxe5 dxe4 26. Rxd7+ Rxd7 27. Nxd7 Qg3+ 1/2-1/2

[Event "*** SCC Grand Prix: Titled Tuesday Blitz"]
[Site "Chess.com"]
[Date "2020.06.02"]
[Round "9"]
[White "wanyaland"]
[Black "Gromes7"]
[Result "1-0"]
[WhiteElo "2301"]
[BlackElo "2049"]
[TimeControl "180+1"]
[EndTime "11:46:00 PDT"]
[Termination "wanyaland won on time"]

1. d4 Nf6 2. c4 e5 3. dxe5 Ng4 4.
Bf4 Nc6 5. Nf3 Bb4+ 6. Nc3 Qe7 7.
Qd5 f6 8. exf6 Nxf6 9. Qd1 d6 10. Rc1 Ne4 11. Bd2 Nxd2 12. Qxd2 O-O 13. e3 Bg4 14.
Be2 Rae8 15. a3 Bxc3 16. Rxc3 b6 17. Qd5+ Qf7 18. Qxc6 Kh8 19. O-O Bc8 20. Qd5 Qg6 21. Qd4 Re4 22. Qd5 Rg4 23. g3 Be6 24. Qc6 Bf5 25.
Nd4 Be4 26. Qxc7 Rh4 27. Bf3 Bf5 28. Nxf5 Qxf5 29. e4 Qg6 30. Rd1 h6 31. Rxd6 Qg5 32. Bg2 Rh5 33. f4 Qg4 34. h3 1-0

[Event "*** SCC Grand Prix: Titled Tuesday Blitz"]
[Site "Chess.com"]
[Date "2020.06.02"]
[Round "9"]
[White "Rodchenkov_Vitalij"]
[Black "lifeissofun"]
[Result "1/2-1/2"]
[WhiteElo "2427"]
[BlackElo "2264"]
[TimeControl "180+1"]
[EndTime "11:46:04 PDT"]
[Termination "Game drawn by repetition"]

1. d4 Nf6 2. Nf3 e6 3. Bg5 d5 4.
e3 Be7 5. Bd3 O-O 6. Nbd2 b6 7.
O-O Bb7 8. c3 Ne4 9. Bxe7 Qxe7 10.
Qc2 f5 11. Ne5 Nd7 12. Ndf3 c5 13. Nxd7 Qxd7 14. Ne5 Qe7 15. f3 Nd6 16. Rae1 Rac8 17. Qf2 Rce8 18. Qg3 Kh8 19. Qh3 Rf6 20. f4 Rh6 21. Qf3 Nf7 22. h3 Nxe5 23. fxe5 a6 24.
g4 g6 25. Re2 Qh4 26. Rh2 Rg8 27. Kg2 b5 28. Qg3 c4 29. Bc2 Qg5 30. Qf4 Qh4 31.
Qg3 Qg5 32. Qf4 Qh4 33. Qg3 1/2-1/2

[Event "*** SCC Grand Prix: Titled Tuesday Blitz"]
[Site "Chess.com"]
[Date "2020.06.02"]
[Round "9"]
[White "MrChampion_Coach"]
[Black "imdarealist"]
[Result "0-1"]
[WhiteElo "2437"]
[BlackElo "2280"]
[TimeControl "180+1"]
[EndTime "11:46:07 PDT"]
[Termination "imdarealist won on time"]

1. e4 e5 2. Nf3 Nf6 3. Nc3 Bb4 4. Nd5 Nxd5 5. exd5 O-O 6. c3 Bc5 7. d3 c6 8. Qb3 cxd5 9. Bg5 Qb6 10. Qxb6 Bxb6 11.
Be2 Nc6 12. O-O d6 13. h3 d4 14. Nd2 h6 15. Be7 Nxe7 16. Nc4 Bc7 17. cxd4 exd4 18. Bf3 d5 19. Nd2 Be6 20. Rfe1 Rac8 21. a3 Bb6 22.
Bd1 Nf5 23. Nf3 Rc7 24. Bb3 Rfc8 0-1

[Event "*** SCC Grand Prix: Titled Tuesday Blitz"]
[Site "Chess.com"]
[Date "2020.06.02"]
[Round "9"]
[White "GukeshDommaraju"]
[Black "BillieKimbah"]
[Result "1-0"]
[WhiteElo "2695"]
[BlackElo "2865"]
[TimeControl "180+1"]
[EndTime "11:46:08 PDT"]
[Termination "GukeshDommaraju won by resignation"]

1. c4 e5 2. g3 c6 3. Nf3 e4 4. Nd4 d5 5. cxd5 Qxd5 6. Nc2 Nf6 7. Bg2 Qe5 8. O-O Na6 9. d3 exd3 10. exd3 Be7 11. Re1 Qd6 12. b3 Bg4 13. Qd2 Qd7 14. Ba3 c5 15. d4 Rd8 16. Qe3 Be6 17. dxc5 Ng4 18. Qe2 Nb8 19. Nc3 O-O 20. Rad1 Qc8 21. Nd4 Rxd4 22. Rxd4 Bf6 23. Nd5 Bxd5 24. Rxd5 Nc6 25.
Bh3 1-0

[Event "*** SCC Grand Prix: Titled Tuesday Blitz"]
[Site "Chess.com"]
[Date "2020.06.02"]
[Round "9"]
[White "Fortitudine"]
[Black "GoValya"]
[Result "0-1"]
[WhiteElo "2265"]
[BlackElo "2181"]
[TimeControl "180+1"]
[EndTime "11:46:09 PDT"]
[Termination "GoValya won by resignation"]

1. c4 c5 2. g3 g6 3. Nc3 Bg7 4. Bg2 Nc6 5. e4 Nf6 6. d3 O-O 7. Nge2 d6 8. O-O Bg4 9. h3 Bxe2 10. Nxe2 e5 11. Be3 a6 12. Qd2 b5 13. b3 Nd7 14.
Bh6 Nd4 15. Bxg7 Kxg7 16. f4 Rb8 17. h4 f5 18. Nxd4 cxd4 19. exf5 Rxf5 20. Bh3 Rf8 21. Rae1 bxc4 22. dxc4 Rb7 23. Qg2 Rc7 24. Bxd7 Qxd7 25.
fxe5 Rxf1+ 26. Qxf1 dxe5 27. Rxe5 d3 28. Rd5 Qxd5 29.
cxd5 d2 30. d6 Rc1 0-1

[Event "*** SCC Grand Prix: Titled Tuesday Blitz"]
[Site "Chess.com"]
[Date "2020.06.02"]
[Round "9"]
[White "CraiggoryC"]
[Black "Boudicca64"]
[Result "0-1"]
[WhiteElo "2094"]
[BlackElo "1972"]
[TimeControl "180+1"]
[EndTime "11:46:09 PDT"]
[Termination "Boudicca64 won on time"]

1. e4 c5 2. Nf3 e6 3. d4 cxd4 4. Nxd4 a6 5. Bd3 g6 6. c4 Bg7 7. Nb3 Ne7 8. Nc3 Nbc6 9. Be3 O-O 10. Qd2 d5 11. cxd5 exd5 12. Bh6 dxe4 13. Bxg7 Kxg7 14. Nxe4 Bf5 15. O-O-O Ne5 16. Qc3 Rc8 17. Nec5 Bxd3 18.
Qxe5+ f6 19. Rxd3 Qxd3 20. Qxe7+ Rf7 21. Qe6 Rc6 22. Qxc6 Qc4+ 23. Kb1 bxc6 24. Rc1 Qe2 25. Rc2 Qe1+ 26. Rc1 Qxf2 27. Nxa6 Qxg2 28. Nd4 Re7 0-1

[Event "*** SCC Grand Prix: Titled Tuesday Blitz"]
[Site "Chess.com"]
[Date "2020.06.02"]
[Round "9"]
[White "Savva09022009"]
[Black "Savagelittlemole"]
[Result "1-0"]
[WhiteElo "2417"]
[BlackElo "2565"]
[TimeControl "180+1"]
[EndTime "11:46:12 PDT"]
[Termination "Savva09022009 won by checkmate"]

1. d4 Nf6 2. Nc3 d5 3. Bf4 c6 4. e3 Bf5 5. f3 Nbd7 6. g4 Bg6 7.
h4 h6 8. Bd3 Bxd3 9. Qxd3 e6 10. O-O-O Qa5 11. Nge2 b5 12. g5 Nh5 13. g6 f6 14. e4 b4 15. Nb1 Qxa2 16. Qe3 Be7 17.
exd5 Qxd5 18. Qd3 O-O 19. c4 Qa5 20. Qe4 Nxf4 21. Nxf4 e5 22. Qxc6 exf4 23. Qxd7 Rac8 24. Qxe7 Rxc4+ 25. Kd2 Rxd4+ 26. Ke2 Qb5+ 27. Kf2 Qb6 28. Kg2 Rfd8 29. Rxd4 Qxd4 30. Re1 Qxb2+ 31. Kh3 Qd4 32. Qe8+ Rxe8 33. Rxe8# 1-0

[Event "*** SCC Grand Prix: Titled Tuesday Blitz"]
[Site "Chess.com"]
[Date "2020.06.02"]
[Round "9"]
[White "Mbneu"]
[Black "anastasiyakarlovych"]
[Result "1-0"]
[WhiteElo "2233"]
[BlackElo "1926"]
[TimeControl "180+1"]
[EndTime "11:46:12 PDT"]
[Termination "Mbneu won by resignation"]

1. d4 Nf6 2. c4 c5 3. d5 b5 4. a4 b4 5. g3 g6 6. b3 Bg7 7.
Bb2 d6 8. Bg2 Nbd7 9. Nf3 O-O 10.
O-O Rb8 11. Re1 Qc7 12. Nbd2 e5 13. dxe6 fxe6 14. Ng5 Re8 15. Rb1 d5 16. cxd5 exd5 17. e4 Bb7 18. exd5 Bxd5 19. Bxd5+ Nxd5 20. Bxg7 Kxg7 21. Qf3 Ne5 22. Qxd5 Rbd8 23. Ne6+ Rxe6 24. Qxe6 Rxd2 25. Qxe5+ Qxe5 26. Rxe5 1-0

[Event "*** SCC Grand Prix: Titled Tuesday Blitz"]
[Site "Chess.com"]
[Date "2020.06.02"]
[Round "9"]
[White "jonaszmb"]
[Black "Carnivoras"]
[Result "0-1"]
[WhiteElo "2430"]
[BlackElo "2608"]
[TimeControl "180+1"]
[EndTime "11:46:13 PDT"]
[Termination "Carnivoras won by resignation"]

1. e4 e5 2. Nf3 Nc6 3. d4 exd4 4. Bc4 d6 5. Nxd4 Nf6 6. Nxc6 bxc6 7. O-O Be7 8. Re1 O-O 9. Nc3 Nd7 10. Bb3 a5 11.
Bf4 Nc5 12. e5 a4 13. Bc4 d5 14. Bf1 Bf5 15. a3 Rb8 16. Qc1 Qd7 17. Be3 d4 18. Rd1 dxc3 19. Rxd7 cxb2 20. Qxb2 Rxb2 21. Rxe7 Ne6 22.
Bd3 Bxd3 23. cxd3 Rd8 24. h4 Kf8 25. Rxe6 fxe6 26. d4 Kf7 27. Rc1 Rb3 28. Rxc6 Rxa3 29. Rxc7+ Kg8 30. h5 Ra1+ 31. Kh2 Ra8 32. h6 gxh6 33.
Bxh6 a3 34. Rg7+ Kh8 35. Rb7 a2 36. Bg7+ Kg8 37. Bf6 Rb1 38. Rg7+ Kf8 39. Rxh7 a1=Q 40.
Rh8+ Kf7 41. Rh7+ Ke8 42. Rh8+ Kd7 43. Rh7+ Kc6 44. d5+ Kxd5 45. f3 Rh1+ 46. Kg3 Rxh7 47. f4 Rg8+ 48. Kf3 Qc3+ 49. Kf2 Rh2 0-1

[Event "*** SCC Grand Prix: Titled Tuesday Blitz"]
[Site "Chess.com"]
[Date "2020.06.02"]
[Round "9"]
[White "LamaChampetre"]
[Black "Enriquack"]
[Result "1-0"]
[WhiteElo "2215"]
[BlackElo "2334"]
[TimeControl "180+1"]
[EndTime "11:46:13 PDT"]
[Termination "LamaChampetre won by resignation"]

1. d4 Nf6 2. c4 g6 3. Nc3 d5 4. cxd5 Nxd5 5. e4 Nxc3 6. bxc3 Bg7 7. Be3 c5 8. Nf3 O-O 9. Be2 Qa5 10. O-O Bg4 11.
Rb1 Qxc3 12. dxc5 Nc6 13. Rxb7 Rfd8 14. Qa4 Rac8 15. Rc1 Qf6 16. Bg5 Qe6 17. Bc4 Bxf3 18. Bxe6 fxe6 19. gxf3 Ne5 20. Qb3 Rc6 21. Rxe7 h6 22.
Rxe6 Rcc8 23. Re8+ Kh7 24. Rxd8 1-0